 Dungeon Crawl Stone Soup version 0.27.0-1-g7a089689b8 (webtiles) character file.

Game seed: 10350190898925498654

4992 robertstho the Covert (level 10, -2/71 HPs)
             Began as an Octopode Berserker on Aug 5, 2021.
             Was an Elder of Trog.
             Slain by a shadow (19 damage)
             ... on level 10 of the Dungeon.
             The game lasted 00:11:52 (6620 turns).

robertstho the Covert (Octopode Berserker)          Turns: 6620, Time: 00:11:53

Health: -2/71      AC:  1    Str: 18    XL:     10   Next: 54%
Magic:  10/10      EV: 16    Int: 10    God:    Trog [****..]
Gold:   145        SH:  5    Dex: 19    Spells: 9/9 levels left

rFire    . . .     SeeInvis .   l - +2 short sword (venom)
rCold    . . .     Faith    .   b - +0 buckler
rNeg     + + .     Spirit   .   (helmet restricted)
rPois    .         Reflect  .   e - amulet of regeneration
rElec    .         Harm     .   a - ring of positive energy
rCorr    .         Rampage  .   d - +6 ring of dexterity
Will     ++...                  s - ring of positive energy
Stlth    +++++++...             (no ring)
HPRegen  2.21/turn              (no ring)
MPRegen  0.12/turn              (no ring)
                                (no ring)
                                (no ring)

@: strong-willed, on berserk cooldown, very slightly contaminated, regenerating,
slowed, invisible (expiring), very slow
A: almost no armour, amphibious, 8 rings, camouflage 1, gelatinous body 1,
(nimble swimmer 1), tentacles
a: Renounce Religion, Berserk, Trog's Hand, Brothers in Arms


You were on level 10 of the Dungeon.
You worshipped Trog.
Trog was greatly pleased with you.
You visited 1 branch of the dungeon, and saw 9 of its levels.

You collected 360 gold pieces.
You spent 215 gold pieces at shops.

Inventory:

Hand Weapons
 l - a +2 short sword of venom (weapon)
Armour
 b - a +0 buckler (worn)
Jewellery
 a - a ring of positive energy (left tentacle)
 d - a +6 ring of dexterity (right tentacle)
 e - an amulet of regeneration (around mantle)
 s - a ring of positive energy (on tentacle)
Scrolls
 g - 2 scrolls of blinking
 i - 2 scrolls of magic mapping
 p - 2 scrolls of enchant weapon
 r - 3 scrolls of teleportation
 u - a scroll of silence
 A - a scroll of immolation
Potions
 c - 2 potions of might
 h - 3 potions of curing
 j - 2 potions of attraction {unknown}
 k - a potion of haste {unknown}
 m - 2 potions of heal wounds {unknown}
 n - 2 potions of berserk rage {unknown}
 o - 3 potions of flight
 q - 2 potions of magic {unknown}
 t - a potion of lignification
 v - 3 potions of degeneration {unknown}
 x - a potion of brilliance {unknown}


   Skills:
 * Level 7.3 Fighting
 + Level 7.0 Short Blades
 + Level 5.9 Dodging
 * Level 13.0 Stealth
 + Level 2.7 Shields
 + Level 4.4 Unarmed Combat


You had 9 spell levels left.
You didn't know any spells.
Your spell library was empty.

Dungeon Overview and Level Annotations

Branches:
Dungeon (8/15)             Temple (0/1) D:5
   Lair: D:8-11

Altars:
Trog
Wu Jian
The Shining One

Shops:
D:1 *   D:2 !   D:8 !

Annotations:
D:2 Potion shop
D:3 2 transporters, RascalDebosk's ghost, amateur DrFi
D:8 Pikel


Innate Abilities, Weirdness & Mutations

You cannot wear most types of armour.
You are amphibious.
You can wear up to eight rings at the same time.
Your skin changes colour to match your surroundings (Stealth+).
Your rubbery body absorbs attacks. (AC +1, EV +1)
((You are camouflaged near water. (Stealth+)))
You have tentacles for arms and can constrict up to eight enemies at once.


Message History

Attack!
Your ogre hits the centaur with a +0 giant spiked club!!
The centaur dies!
Trog accepts your kill.
Your ogre hits the centaur warrior zombie with a +0 giant spiked club!
The centaur warrior zombie barely misses your ogre.
The centaur warrior zombie kicks your ogre.
Your ogre hits something with a +0 giant spiked club!
Your ogre hits the orc priest with a +0 giant spiked club!!!
The orc priest dies!
Trog accepts your kill.
The shadow strikes at your ogre from the darkness!
Your ogre dies!
Your ogre's corpse disappears in a puff of smoke!
Unknown command.
Don't expect to remain undetected while in the water.
You are no longer corroded.
An orc priest comes into view. It is wielding a +0 whip.
The shadow strikes at you from the darkness!
The centaur shoots an arrow.
The arrow hits the yak.
The orc priest shouts!
Things that are here:
a +0 giant club; a +0 giant club The centaur shoots an arrow.
The shadow strikes at you from the darkness!
* * * LOW HITPOINT WARNING * * *
Reactivating autopickup.
You hear a shout!
You hear two shouts!
You flicker for a moment.
Your skin crawls.
You feel strong-willed.
The centaur shoots an arrow.
The arrow barely misses the shadow.
You block the arrow.
The shadow slips into darkness.
The shadow flickers and vanishes!
Deactivating autopickup; reactivate with Ctrl-A.
The centaur shoots an arrow.
The shadow strikes at you from the darkness!
You die...

######### ......... ..
######### #.# #.#
########.# ≈≈≈≈≈#...#
#......###########
#....#.#.........#
#.##...c≈.#@........#
#...)Yo.≈.#{........#
......###c)..........#
.....Z #≈...........#
≈≈≈.. #≈c).........#
≈8≈.. #≈.#.........#
≈≈≈. ...≈.#.........#
###c.....≈.###########
.####≈.#


You could see a centaur.

Vanquished Creatures
  A two-headed ogre (D:10)
  Psyche (D:8)
  Prince Ribbit (D:7)
  2 wyverns (D:8)
  A wraith (D:10)
  Eustachio (D:6)
  Duvessa (D:7)
  A water moccasin (D:7)
  2 sky beasts (D:6)
  2 orc warriors (D:7)
  2 black bears
  A necrophage (D:5)
  An ogre (D:7)
  A centaur (D:8)
  4 lemures
  2 phantoms
  Blork the orc (D:4)
  4 bullfrogs
  A wyvern zombie (D:6)
  2 scorpions
  A wyvern skeleton (D:7)
  2 water moccasin zombies
  Dowan (D:7)
  4 killer bees
  6 wights (D:7)
  2 centaur zombies
  A bullfrog zombie (D:7)
  A hound (D:5)
  4 jellies
  4 orc priests
  A bullfrog skeleton (D:7)
  An iguana (D:7)
  Crazy Yiuf (D:2)
  2 orc wizards
  A killer bee zombie (D:8)
  Robin (D:3)
  3 gnolls (D:3)
  10 adders
  2 shadow imps
  A white imp (D:6)
  2 ufetubi
  3 worms
  A dart slug (D:3)
  22 orcs
  3 ball pythons
  2 bats
  4 endoplasms
  3 giant cockroaches (D:1)
  15 goblins
  7 hobgoblins
  5 jackals
  6 kobolds
  3 quokkas
  4 frilled lizards
  5 rats
166 creatures vanquished.

Vanquished Creatures (collateral kills)
  A yak (D:10)
  An acid dragon (D:10)
  2 centaurs (D:10)
  3 wights (D:7)
  An orc priest (D:10)
8 creatures vanquished.

Vanquished Creatures (others)
  4 plants (D:3)
4 creatures vanquished.

Grand Total: 178 creatures vanquished

Notes
Turn   | Place    | Note
-------+----------+-------------------------------------------
     0 | D:1      | robertstho the Octopode Berserker began the quest for the
                  | Orb.
     0 | D:1      | Reached XP level 1. HP: 16/16 MP: 1/1
   190 | D:1      | Reached XP level 2. HP: 21/21 MP: 2/2
   264 | D:1      | Found Vaahocet's Assorted Antiques.
   400 | D:1      | Reached skill level 1 in Stealth
  1119 | D:2      | Reached XP level 3. HP: 26/26 MP: 3/3
  1242 | D:2      | Found Sadymyer's Distillery.
  1257 | D:2      | Bought a potion of curing for 33 gold pieces
  1309 | D:2      | Reached skill level 2 in Stealth
  1325 | D:2      | Reached XP level 4. HP: 9/31 MP: 4/4
  1327 | D:2      | Reached ** piety under Trog
  1709 | D:2      | Found a bloodstained altar of Trog.
  1766 | D:2      | Found a runed translucent door.
  1767 | D:2      | Noticed Crazy Yiuf
  1854 | D:2      | Reached skill level 3 in Stealth
  2205 | D:2      | Killed Crazy Yiuf
  2206 | D:2      | Reached skill level 4 in Stealth
  2216 | D:2      | Identified a scroll of acquirement
  2216 | D:2      | Acquired a +6 ring of dexterity
  2326 | D:3      | Reached XP level 5. HP: 36/37 MP: 5/5
  2366 | D:3      | Found a faded altar of an unknown god.
  2374 | D:3      | Reached skill level 5 in Stealth
  2412 | D:3      | Noticed Robin
  2431 | D:3      | Reached skill level 6 in Stealth
  2434 | D:3      | Reached XP level 6. HP: 28/43 MP: 6/6
  2494 | D:3      | Killed Robin
  2494 | D:3      | Reached *** piety under Trog
  2637 | D:3      | Noticed RascalDebosk's ghost (amateur DrFi)
  2649 | D:3      | Found a transporter.
  2747 | D:3      | Found a transporter.
  2881 | D:4      | HP: 1/43 [killer bee (4)]
  2887 | D:3      | Reached skill level 7 in Stealth
  2959 | D:4      | Reached XP level 7. HP: 46/47 MP: 7/7
  3210 | D:4      | Noticed Blork the orc
  3216 | D:4      | Killed Blork the orc
  3529 | D:4      | Found a glowing golden altar of the Shining One.
  4241 | D:5      | Entered Level 5 of the Dungeon
  4282 | D:5      | Reached skill level 1 in Short Blades
  4282 | D:5      | Reached skill level 8 in Stealth
  4497 | D:5      | Reached skill level 1 in Shields
  4593 | D:5      | Reached XP level 8. HP: 45/54 MP: 8/8
  4694 | D:5      | Found a staircase to the Ecumenical Temple.
  4748 | D:5      | Reached skill level 9 in Stealth
  4851 | D:6      | Noticed Eustachio
  4862 | D:5      | Reached skill level 5 in Fighting
  4882 | D:6      | Killed Eustachio
  4963 | D:6      | Reached **** piety under Trog
  4964 | D:6      | Reached skill level 10 in Stealth
  5146 | D:6      | Found an ornate altar of the Wu Jian Council.
  5181 | D:6      | Reached XP level 9. HP: 61/61 MP: 9/9
  5535 | D:7      | Noticed Dowan
  5538 | D:7      | Noticed Duvessa
  5559 | D:7      | Killed Dowan
  5560 | D:7      | Reached skill level 5 in Dodging
  5622 | D:7      | Killed Duvessa
  5623 | D:7      | Reached skill level 11 in Stealth
  5730 | D:7      | Reached skill level 5 in Short Blades
  6053 | D:7      | Noticed Prince Ribbit
  6058 | D:7      | Killed Prince Ribbit
  6071 | D:7      | Reached skill level 12 in Stealth
  6199 | D:8      | Reached XP level 10. HP: 69/69 MP: 10/10
  6204 | D:8      | Found Asocwos's Distillery.
  6209 | D:8      | Bought a potion of invisibility for 104 gold pieces
  6209 | D:8      | Bought a potion of flight for 39 gold pieces
  6209 | D:8      | Bought a potion of lignification for 39 gold pieces
  6213 | D:8      | Noticed Psyche
  6218 | D:8      | Killed Psyche
  6350 | D:8      | Noticed Pikel
  6466 | D:8      | You fall into a shaft and drop 2 floors!
  6466 | D:10     | Entered Level 10 of the Dungeon
  6477 | D:10     | Noticed a two-headed ogre
  6534 | D:10     | Noticed a two-headed ogre
  6603 | D:10     | Killed a two-headed ogre
  6612 | D:10     | Reached skill level 13 in Stealth
  6620 | D:10     | Slain by a shadow

Illustrated notes

Levels and vault maps discovered:
D:1:      dpeg_arrival_prison, layout_loops_corners, serial_shops, shop,
          minmay_misc_feat_tiny, nrook_uturn
D:2:      layout_loops_ring, serial_shops, nicolae_diamond_shop, basic_altar,
          grunt_ministairs_13, uniq_crazy_yiuf_cottage
D:3:      layout_rooms, gammafunk_ghost_gnarly_gnolls,
          dreamdust_ecumenical_altar_grove, uniq_robin
D:4:      layout_layer_cave, tso_altar, uniq_blork_the_orc
D:5:      layout_loops_cross, minmay_temple_entry_mist
D:6:      layout_rooms, nicolae_wu_jian_immortal_techniques,
          minmay_chambers_of_fives, uniq_eustachio
D:7:      minmay_recursive_quarters, layout_rooms, moated_statue, dk_vineyard_2,
          uniq_duvessa, uniq_prince_ribbit1
D:8:      layout_basic, serial_glass, glass_columns_a, glass_columns_a,
          serial_shops, shop, uniq_psyche, uniq_pikel
D:10:     cheibrodos_ideogram_h, layout_basic, david_lair_shrubbed,
          gammafunk_ghost_hive, eino_small_chamber_without_monster

Skill      XL: |  1  2  3  4  5  6  7  8  9 10 |
---------------+-------------------------------+-----
Stealth        | 1 2 4 6 7 8 10 12 13 | 13.0
Unarmed Combat | 4 |  4.4
Fighting       | 4 5 6 7 |  7.3
Dodging        | 4 5 |  5.9
Short Blades   | 1 3 6 7 |  7.0
Shields        | 1 2 |  2.7

Action                   |  1- 3 |  4- 6 |  7- 9 | 10-12 || total
-------------------------+-------+-------+-------+-------++-------
Melee: Unarmed           |    54 |    62 |       |       ||   116
       Tentacles         |    14 |    22 |    59 |    13 ||   108
       Constrict         |    16 |    33 |    41 |     5 ||    95
       Punch             |       |     2 |    11 |     2 ||    15
       Short sword       |       |    30 |   191 |    48 ||   269
Invok: Berserk           |     1 |     5 |     7 |     3 ||    16
       Trog's Hand       |       |     1 |       |     2 ||     3
       Brothers in Arms  |       |       |     1 |     1 ||     2
  Use: Scroll            |       |     5 |     9 |     1 ||    15
       Potion            |       |     1 |       |     1 ||     2
 Stab: Sleeping          |     9 |     8 |    19 |     4 ||    40
       Distracted        |     1 |     1 |       |       ||     2
Armor: Skin              |       |     4 |     5 |     1 ||    10
Dodge: Dodged            |    27 |    58 |    81 |    31 ||   197
Block: Buckler           |     4 |    16 |    43 |    11 ||    74
